 Dungeon Crawl Stone Soup version 0.30.1-3-gfc49f6343a (webtiles) character file.

Game seed: 12787186560656103688

819 H0rd4k the Sneak (level 7, -2/45 HPs)
             Began as an Octopode Artificer on Aug 3, 2023.
             Was an Initiate of Gozag.
             Slain by a centaur (5 damage)
             ... on level 7 of the Dungeon on Aug 4, 2023.
             The game lasted 00:04:10 (3817 turns).

H0rd4k the Sneak (Octopode Artificer)               Turns: 3817, Time: 00:04:10

Health: -2/45      AC:  1    Str: 12    XL:     7   Next: 95%
Magic:  7/7        EV: 14    Int: 15    God:    Gozag
Gold:   50         SH:  0    Dex: 12    Spells: 6/6 levels left

rFire   . .          .
                       - Unarmed
rCold   . . .        (no shield)
rNeg    . . .        (helmet restricted)
rPois   .            (no amulet)
rElec   .            (no ring)
rCorr   .            (no ring)
SInv    .            (no ring)
Will    .....        (no ring)
Stlth   ++++         (no ring)
HPRegen 0.27/turn    (no ring)
MPRegen 0.10/turn    (no ring)
                     (no ring)

%: no passive effects
@: no status effects
A: almost no armour, amphibious, 8 rings, camouflage 1, gelatinous body 1,
(nimble swimmer 1), tentacles
a: Renounce Religion, Potion Petition, Call Merchant, Bribe Branch


You were on level 7 of the Dungeon.
You worshipped Gozag.
Gozag was noncommittal.
You visited 2 branches of the dungeon, and saw 8 of its levels.

You collected 136 gold pieces.
You paid 86 gold pieces to Gozag.

Inventory:

Missiles
 n - 9 poisoned darts
Magical Staves
 o - a staff of poison
Jewellery
 t - a +4 ring of protection
Wands
 b - a wand of flame (28) (quivered)
 c - a wand of charming (12)
 s - a wand of digging (5)
Scrolls
 a - 3 scrolls of magic mapping {unknown}
 f - 2 scrolls of immolation {unknown}
 g - a scroll of silence {unknown}
 h - 2 scrolls of amnesia {unknown}
 i - a scroll of blinking {unknown}
 j - 3 scrolls of identify {unknown}
 l - 2 scrolls of fog {unknown}
 q - a scroll of vulnerability {unknown}
 r - 2 scrolls of teleportation {unknown}
 u - a scroll of poison {unknown}
 y - a scroll of enchant armour {unknown}
Potions
 d - a potion of brilliance {unknown}
 e - 2 potions of lignification {unknown}
 k - 2 potions of attraction {unknown}
 m - a potion of haste {unknown}
 p - 2 potions of curing {unknown}
 v - 2 potions of heal wounds {unknown}
 w - a potion of berserk rage {unknown}
 x - a potion of degeneration {unknown}


   Skills:
 + Level 2.3 Fighting
 + Level 4.1 Dodging
 + Level 6.2 Stealth
 + Level 4.8 Unarmed Combat
 + Level 5.0 Evocations


You had 6 spell levels left.
You didn't know any spells.
Your spell library contained the following spells:

 Spells                   Type           Power      Damage    Failure   Level
 Momentum Strike          Conj/Tloc      0%         3d8       38%         2
 Portal Projectile        Hex/Tloc       0%         N/A       63%         3
 Manifold Assault         Tloc           0%         N/A       95%         4


Dungeon Overview and Level Annotations

Branches:
Dungeon (7/15)             Temple (1/1) D:7

Altars:
Ashenzari
Dithmenos
Elyvilon
Fedhas
Gozag
Hepliaklqana
Ru
Sif Muna
Trog
Uskayaw
Vehumet
The Shining One

Shops:
D:1 (

Annotations:
D:6 exclusion: steam dragon


Innate Abilities, Weirdness & Mutations

You cannot wear most types of armour.
You are amphibious.
You can wear up to eight rings at the same time.
Your skin changes colour to match your surroundings (Stealth+).
Your rubbery body absorbs attacks. (AC +1, EV +1)
((You are camouflaged when in or above water. (Stealth+)))
You have tentacles for arms and can constrict up to eight enemies at once.


Message History

You open the door.
Found a stone staircase leading down.
There is an open door here.
A centaur comes into view.
The centaur shouts!
The centaur wields a +0 shortbow.
The centaur shoots an arrow.
The arrow hits you!
The centaur shoots an arrow.
The arrow closely misses you.
The centaur shoots an arrow.
The arrow hits you!
The centaur unwields a +0 shortbow.
The centaur hits you. The centaur kicks you.
The centaur hits you but does no damage.
The centaur barely misses you.
You tentacle-slap the centaur but do no damage.
The centaur hits you. The centaur barely misses you.
You tentacle-slap the centaur.
The centaur is lightly wounded.
The centaur misses you. The centaur barely misses you.
You tentacle-slap the centaur but do no damage.
Your squeeze misses the centaur.
The centaur is lightly wounded.
The centaur hits you. The centaur misses you. The centaur barely misses you. x2
You tentacle-slap the centaur.
The centaur is moderately wounded.
The centaur hits you.
* * * LOW HITPOINT WARNING * * *
The centaur misses you.
You tentacle-slap the centaur but do no damage.
The centaur is moderately wounded.
The centaur hits you.
* * * LOW HITPOINT WARNING * * *
The centaur closely misses you. The centaur hits you.
* * * LOW HITPOINT WARNING * * *
The centaur barely misses you.
Aiming: Charm
Press: ? - help, Shift-Dir - straight line, f - centaur
Aim: a centaur (moderately wounded, chance to affect: 62%)
The centaur resists with significant effort.
The centaur hits you.
You die...
Your body crumbles into a pile of gold.

......#.#..###..
.....#.#.......
#.#.....##.....
#.#............
##....##........
#>.....'........
#..#.###........
###..#.##.########
#..@.#.##.........
#..#c.#.##.########
#.########.## ## #.
#...########. #
###..........
###########
........ #########
#


You could see a centaur.

Vanquished Creatures
  Menkaure (D:5)
  A water moccasin (D:7)
  A black bear (D:6)
  A phantom (D:5)
  Blork the orc (D:5)
  An orc priest (D:6)
  A jelly (D:4)
  Ijyb (D:5)
  A sleepcap (D:7)
  2 iguanas
  An orc wizard (D:5)
  6 adders
  3 worms
  A dart slug (D:1)
  11 orcs
  3 endoplasms
  A giant cockroach (D:1)
  7 goblins
  3 hobgoblins
  5 jackals
  5 kobolds
  2 quokkas
  2 ball pythons
  4 bats
  2 frilled lizards (D:1)
  6 rats
73 creatures vanquished.

Vanquished Creatures (collateral kills)
  An orc priest (D:4)
  2 orcs
3 creatures vanquished.

Grand Total: 76 creatures vanquished

Notes
Turn   | Place    | Note
-------+----------+-------------------------------------------
     0 | D:1      | H0rd4k the Octopode Artificer began the quest for the Orb.
     0 | D:1      | Reached XP level 1. HP: 13/13 MP: 1/1
   293 | D:1      | Reached skill level 2 in Stealth
   293 | D:1      | Reached XP level 2. HP: 18/18 MP: 2/2
   382 | D:1      | Found Netoucan's Weapon Emporium.
   453 | D:1      | Got the Spellbook of Superposition
  1012 | D:2      | Reached XP level 3. HP: 11/23 MP: 3/3
  1158 | D:3      | Reached skill level 3 in Stealth
  1316 | D:3      | Reached skill level 1 in Unarmed Combat
  1351 | D:3      | Reached XP level 4. HP: 28/28 MP: 4/4
  1493 | D:4      | Reached skill level 4 in Stealth
  1555 | D:4      | Reached XP level 5. HP: 33/33 MP: 5/5
  1609 | D:4      | Noticed an orc warrior
  1940 | D:5      | Entered Level 5 of the Dungeon
  1997 | D:5      | Noticed Ijyb
  1999 | D:5      | Killed Ijyb
  2022 | D:5      | Noticed Menkaure
  2048 | D:5      | Killed Menkaure
  2049 | D:5      | Reached skill level 5 in Stealth
  2049 | D:5      | Reached XP level 6. HP: 28/38 MP: 6/6
  2458 | D:5      | Reached XP level 7. HP: 44/44 MP: 7/7
  2520 | D:5      | Noticed Blork the orc
  2525 | D:5      | Killed Blork the orc
  2845 | D:6      | Reached skill level 6 in Stealth
  3092 | D:6      | Noticed a steam dragon
  3383 | D:7      | Found a staircase to the Ecumenical Temple.
  3406 | Temple   | Entered the Ecumenical Temple
  3607 | Temple   | Became a worshipper of Gozag Ym Sagoz the Greedy
  3676 | D:7      | Reached skill level 5 in Evocations
  3817 | D:7      | Slain by a centaur

Illustrated notes

Levels and vault maps discovered:
D:1:      amcnicky_arrival_abandoned_market, layout_basic, serial_shops, shop,
          hangedman_abyss_or_decor_stabs
D:2:      layout_rooms, uniq_natasha
D:3:      layout_loops_cross, tgw_xom
D:4:      layout_rooms, yredelemnul_forgotten_temple_becter
D:5:      layout_loops_ring, hex_tiny, small_statue_alley_b, uniq_ijyb,
          uniq_menkaure, uniq_blork_the_orc
D:6:      layout_basic
D:7:      layout_basic, minmay_temple_entry_crystal_x, enter_bailey_3,
          serial_co_window_serial, co_window_of_opportunity_a,
          co_window_paths_a, co_window_paths_b, co_window_paths_a,
          co_window_corner_a, co_window_corner_ca, co_window_2corner,
          co_window_paths_c, co_window_unsneaky_path_e, co_window_corner_ca,
          co_window_corner_b, co_window_sun, co_window_4corner_b,
          glass_columns_a, glass_columns_c, glass_columns_a, glass_columns_b,
          uniq_maggie
Temple:   regret_index_temple_chain_breaker

Skill      XL: |  1  2  3  4  5  6  7 |
---------------+----------------------+-----
Stealth        | 2 3 4 5 6 |  6.2
Unarmed Combat | 1 3 4 |  4.8
Dodging        | 3 4 |  4.1
Evocations     | 4 5 |  5.0
Fighting       | 2 |  2.3

Action                     |  1- 3 |  4- 6 |  7- 9 || total
---------------------------+-------+-------+-------++-------
  Melee: Unarmed           |    88 |    87 |    46 ||   221
         Constrict         |    24 |    18 |    10 ||    52
         Tentacles         |    25 |    20 |     9 ||    54
         Punch             |       |     2 |       ||     2
  Evoke: Wand              |       |    20 |     6 ||    26
   Stab: Sleeping          |    14 |     3 |     1 ||    18
 Armour: Skin              |     6 |     3 |     2 ||    11
  Dodge: Dodged            |    39 |    44 |    32 ||   115
